 Dungeon Crawl Stone Soup version 0.28.0-53-g5a82cb258f (console) character file.

Game seed: 4986393784191525356

80 erker the Shield-Bearer (level 4, -1/42 HPs)
             Began as a Deep Dwarf Fighter on June 10, 2022.
             Slain by an ogre
             ... wielding a +0 giant spiked club
              (28 damage)
             ... on level 3 of the Dungeon.
             The game lasted 00:03:39 (1832 turns).

erker the Shield-Bearer (Deep Dwarf Fighter)        Turns: 1832, Time: 00:03:39

Health: -1/42      AC:  7    Str: 21    XL:     4   Next: 18%
Magic:  4/4        EV:  8    Int:  9    God:
Gold:   116        SH:  8    Dex: 12    Spells: 3/3 levels left

rFire   . . .      SeeInvis .   a - +0 war axe
rCold   . . .      Faith    .   p - +0 kite shield
rNeg    . . .      Spirit   .   b - +0 scale mail
rPois   .          Reflect  .   (no helmet)
rElec   .          Harm     .   (no cloak)
rCorr   .          Rampage  .   (no gloves)
Will    .....                   (no boots)
Stlth   ..........              (no amulet)
HPRegen 0.00/turn               (no ring)
MPRegen 0.09/turn               (no ring)

@: no status effects
A: damage resistance, heal wounds, sense surroundings 1, no regeneration
a: Heal Wounds


You were on level 3 of the Dungeon.
You visited 1 branch of the dungeon, and saw 3 of its levels.

You collected 116 gold pieces.

Inventory:

Hand Weapons
 a - a +0 war axe (weapon)
Missiles
 h - 3 curare-tipped darts (quivered)
Armour
 b - a +0 scale mail (worn)
 p - a +0 kite shield (worn)
Scrolls
 e - a scroll of immolation {unknown}
 i - 3 scrolls of enchant weapon {unknown}
 k - a scroll of teleportation {unknown}
 l - 3 scrolls of summoning {unknown}
 m - a scroll of magic mapping {unknown}
 n - a scroll of blinking {unknown}
Potions
 d - 3 potions of might
 f - 4 potions of mutation {unknown}
 g - a potion of lignification {unknown}
 j - a potion of attraction {unknown}
 o - a potion of ambrosia {unknown}


   Skills:
 + Level 3.0 Fighting
 + Level 3.3 Axes
 + Level 4.0 Armour
 + Level 4.0 Shields


You had 3 spell levels left.
You didn't know any spells.
Your spell library was empty.

Dungeon Overview and Level Annotations

Branches:
Dungeon (3/15)

Altars:
Elyvilon
Qazlal


Innate Abilities, Weirdness & Mutations

You are resistant to damage.
You can heal yourself by infusing magical energy.
You passively map a small area around you.
You do not regenerate.


Message History

A bat and an ogre come into view.
Found a stone staircase leading down.
The ogre shouts!
The bat enters a dispersal trap!
The ogre blinks!
You blink.
The bat moves out of view.
The ogre moves out of view.
The bat completely misses you. The bat hits you but does no damage.
The bat barely misses you. The bat hits you but does no damage. x2
You block the bat's attack. The bat closely misses you.
The bat hits you but does no damage. You block the bat's attack.
The bat barely misses you.
There is a stone staircase leading up here.
You block the bat's attack. The bat hits you but does no damage.
The bat hits you but does no damage. You block the bat's attack.
You block the bat's attack. The bat closely misses you.
You block the bat's attack. The bat hits you but does no damage.
The bat barely misses you. The bat hits you but does no damage.
The bat hits you. The bat hits you but does no damage.
You miss the bat. You block the bat's attack.
The bat hits you but does no damage. x2
You hit the bat but do no damage. The bat hits you but does no damage.
You block the bat's attack. x2
The bat hits you but does no damage.
You slash the bat!
You kill the bat!
You see here a bat corpse.
Throw: 4 darts (curare)
Press: ? - help, Q - select action, (/) - cycle Shift-Dir - straight line, f - ogre
Aim: an ogre, wielding a +0 giant spiked club (73% to hit)
You throw a curare-tipped dart. The curare-tipped dart hits the ogre.
The ogre is poisoned.
The ogre convulses.
The ogre seems to slow down.
The ogre is moderately wounded.
The ogre hits you with a +0 giant spiked club!!
Ouch! That really hurt!
You die...

###.# ##.....##########.##
# #...# #..##### #..# #
##.#####.## ######.####
#....##..# ##..).......
#...)#..## ##..#####..#.
#......## #.)## ##...
#....### ###.## ##..#
#....# #########...# #....
#....###....O@...### *
#.###
#....##.†##############*...
# ######..## #..)....#..# #
#....## ####.#####...., .
#....#####....## * * *.#
#....##........## #.
#....<..........###### # *
#....##..............#
#.[..##....O...#####..# *


You could see an ogre (very poisoned, slow).

Vanquished Creatures
  2 adders (D:2)
  2 worms
  A dart slug (D:1)
  2 orcs (D:3)
  3 endoplasms
  3 giant cockroaches
  5 goblins
  3 hobgoblins
  3 kobolds
  3 quokkas
  9 ball pythons
  4 bats
  4 frilled lizards
  5 rats
49 creatures vanquished.

Notes
Turn   | Place    | Note
-------+----------+-------------------------------------------
     0 | D:1      | erker the Deep Dwarf Fighter began the quest for the Orb.
     0 | D:1      | Reached XP level 1. HP: 20/20 MP: 1/1
     6 | D:1      | You fall into a shaft and drop 1 floor!
    89 | D:2      | Reached XP level 2. HP: 24/27 MP: 2/2
   429 | D:1      | Reached XP level 3. HP: 27/33 MP: 3/3
  1276 | D:2      | Found a white marble altar of Elyvilon.
  1297 | D:2      | Found a faded altar of an unknown god.
  1476 | D:3      | Found a stormy altar of Qazlal.
  1618 | D:3      | Reached XP level 4. HP: 28/42 MP: 4/4
  1807 | D:3      | Noticed an ogre
  1832 | D:3      | Slain by an ogre

Illustrated notes

Levels and vault maps discovered:
D:1:      dpeg_arrival_arbitrary_b, layout_basic, corexii_hall_statues_s,
          minmay_pentomino_p2
D:2:      layout_loops_ring, ebering_ecumenical_altar_sacrificial, basic_altar
D:3:      layout_rooms, mainiacjoe_overflow_boulevard

Skill      XL: |  1  2  3 |
---------------+----------+-----
Fighting       | 3 |  3.0
Shields        | 4 |  4.0
Axes           | 3 |  3.3
Armour         | 4 |  4.0

Action                   |  1- 3 |  4- 6 || total
-------------------------+-------+-------++-------
Melee: War axe           |    96 |    24 ||   120
Throw: Dart              |       |     1 ||     1
Armor: Scale mail        |    40 |    24 ||    64
Dodge: Dodged            |    56 |    15 ||    71
Block: Buckler           |    30 |     8 ||    38
       Kite shield       |       |     9 ||     9
